 Dungeon Crawl Stone Soup version 0.29-a0-338-g1ff7896281 (webtiles) character file.

Game seed: 10686158130531407314

396 Essalna the Conjurer (level 6, 0/36 HPs)
             Began as a Deep Elf Conjurer on Apr 19, 2022.
             Was an Initiate of Hepliaklqana.
             Slain by a gnoll
             ... wielding a +0 spear of flaming
              (8 damage)
             ... on level 4 of the Dungeon.
             The game lasted 00:07:23 (3582 turns).

Essalna the Conjurer (Deep Elf Conjurer)            Turns: 3582, Time: 00:07:24

Health: 0/36       AC:  3    Str:  4    XL:     6   Next: 52%
Magic:  1/15       EV: 13    Int: 25    God:    Hepliaklqana [......]
Gold:   201        SH:  0    Dex: 13    Spells: 8/15 levels left

rFire   + . .      SeeInvis .   i - +1 dagger (pain)
rCold   + . .      Faith    .   (no shield)
rNeg    . . .      Spirit   .   a - +0 robe
rPois   .          Reflect  .   (no helmet)
rElec   .          Harm     .   q - scarf {rC+ rF+}
rCorr   .          Rampage  .   s - +0 pair of gloves
Will    .....                   (no boots)
Stlth   ++........              (no amulet)
HPRegen 0.12/turn               (no ring)
MPRegen 0.14/turn               (no ring)

@: no status effects
A: no striking features
a: Renounce Religion


You were on level 4 of the Dungeon.
You worshipped Hepliaklqana.
Hepliaklqana was noncommittal.
You visited 2 branches of the dungeon, and saw 5 of its levels.

You collected 201 gold pieces.

Inventory:

Hand Weapons
 i - a +1 dagger of pain (weapon)
Missiles
 g - 3 throwing nets
Armour
 a - a +0 robe (worn)
 q - a scarf of resistance (worn)
 s - a +0 pair of gloves (worn)
Scrolls
 b - a scroll of fog {unknown}
 d - a scroll of noise {unknown}
 h - 2 scrolls of vulnerability {unknown}
 j - 3 scrolls of fear {unknown}
 l - 3 scrolls of identify {unknown}
 p - a scroll of silence {unknown}
 r - a scroll of brand weapon {unknown}
Potions
 c - a potion of resistance {unknown}
 e - a potion of flight {unknown}
 f - 5 potions of curing {unknown}
 k - 2 potions of haste {unknown}
 m - a potion of might {unknown}
 n - a potion of berserk rage {unknown}
 o - a potion of brilliance {unknown}


   Skills:
 + Level 2.4 Fighting
 + Level 1.4 Armour
 + Level 3.4 Dodging
 - Level 2.4 Stealth
 + Level 5.1 Spellcasting
 + Level 5.7 Conjurations
 + Level 2.0 Translocations


You had 8 spell levels left.
You knew the following spells:

 Your Spells              Type           Power      Damage    Failure   Level
a - Magic Dart            Conj           100%       1d8       1%          1
b - Searing Ray           Conj           68%        2d6       1%          2
c - Iskenderun's Mystic   Conj/Tloc      25%        2d7       17%         4

Your spell library contained the following spells:

 Spells                   Type           Power      Damage    Failure   Level
 Foxfire                  Conj/Fire      80%        2x1d8     2%          1
 Conjure Flame            Conj/Fire      20%        6-21      8%          3
 Dazzling Flash           Conj/Hex       40%        N/A       8%          3
 Ignite Poison            Fire/Tmut/Pois 6%         N/A       24%         3
 Inner Flame              Hex/Fire       6%         N/A       24%         3
 Flame Wave               Conj/Fire      20%        2d7       26%         4
 Fulminant Prism          Conj/Hex       10%        3d9       26%         4
 Sticky Flame             Conj/Fire      20%        2d4       26%         4
 Borgnjor's Revivificati  Necr           3%         N/A       100%        8
 Necromutation            Tmut/Necr      3%         N/A       100%        8
 Death's Door             Necr           3%         N/A       100%        9


Dungeon Overview and Level Annotations

Branches:
Dungeon (4/15)             Temple (1/1) D:4

Altars:
Ashenzari
Cheibriados
Dithmenos
Elyvilon
Gozag
Hepliaklqana
Nemelex Xobeh
Ru
Uskayaw
The Shining One

Shops:
D:2 (


Message History

There is an open door here.
You feel sick.
A gnoll is nearby!
You feel sick.
Casting: Iskenderun's Mystic Blast (extremely dangerous; 19% risk of failure)
Confirm with . or Enter, or press ? or * to list all spells.
Aiming: Searing Ray (safe; 1% risk of failure)
Press: ? - help, Shift-Dir - straight line, f - gnoll
Aim: a gnoll, wielding a +0 flail (almost dead, 83% to hit)
Okay, then.
You feel sick.
You are no longer poisoned.
Casting: Searing Ray (safe; 1% risk of failure)
Confirm with . or Enter, or press ? or * to list all spells.
Aiming: Searing Ray (safe; 1% risk of failure)
Press: ? - help, Shift-Dir - straight line, f/p - gnoll sergeant
Aim: a gnoll sergeant, wielding a +2 spear of venom, wearing a +0 scale mail and wearing a +2 buckler (almost dead, 86% to hit)
The searing ray hits the gnoll!
You kill the gnoll!
The searing ray hits the gnoll sergeant.
The gnoll sergeant is almost dead. (Press . to maintain the ray.)
The searing ray hits the gnoll sergeant!
You kill the gnoll sergeant!
Your Translocations skill increases to level 2!
The searing ray hits the gnoll!
The gnoll is almost dead.
Without enough magic to sustain it, your searing ray dissipates.
The gnoll hits you from afar with a +0 spear of flaming.
* * * LOW HITPOINT WARNING * * *
The gnoll burns you.
* * * LOW HITPOINT WARNING * * *
Casting: Searing Ray (safe; 1% risk of failure)
Confirm with . or Enter, or press ? or * to list all spells.
Okay, then.
You aren't carrying any items that you can evoke.
Okay, then.
Okay, then.
The gnoll hits you with a +0 spear of flaming!
You die...

...# #.....####'
#######.#######...##...
#.............#...##...
#......#......#...#....
+......#......#...#....
#.gg...#......#...'....
#...##)#......###)#####
#...##g##'#............
..)..#.@...#............
.......#.....#............
=......#.....#............
.......+.....#............
<.#######.................
#+..##....#...##..
+......##.#......#
#..##.......##.#..
#.....#..##....#..


You could see a gnoll.

Vanquished Creatures
  A centaur (D:4)
  A gnoll sergeant (D:4)
  A gnoll shaman (D:4)
  An orc priest (D:3)
  10 gnolls
  2 adders
  3 worms
  2 dart slugs
  5 orcs
  4 ball pythons
  6 endoplasms
  2 giant cockroaches (D:3)
  4 goblins
  5 hobgoblins
  2 jackals (D:2)
  8 kobolds
  7 bats
  5 frilled lizards
  5 rats
74 creatures vanquished.

Vanquished Creatures (others)
  4 plants (D:3)
4 creatures vanquished.

Grand Total: 78 creatures vanquished

Notes
Turn   | Place    | Note
-------+----------+-------------------------------------------
     0 | D:1      | Essalna the Deep Elf Conjurer began the quest for the Orb.
     0 | D:1      | Reached XP level 1. HP: 10/10 MP: 6/6
   179 | D:1      | Reached XP level 2. HP: 16/16 MP: 5/8
   182 | D:1      | Learned a level 2 spell: Searing Ray
   205 | D:1      | Found a faded altar of an unknown god.
   819 | D:2      | Reached skill level 1 in Fighting
   939 | D:2      | Reached XP level 3. HP: 20/20 MP: 6/10
  1185 | D:2      | Reached skill level 5 in Conjurations
  1187 | D:2      | Reached XP level 4. HP: 16/26 MP: 3/12
  1843 | D:2      | Found Uroddemn's Weapon Emporium.
  1935 | D:3      | Learned a level 4 spell: Iskenderun's Mystic Blast
  2017 | D:3      | Reached XP level 5. HP: 30/30 MP: 3/13
  2895 | D:4      | Reached skill level 1 in Translocations
  2898 | D:4      | Reached skill level 1 in Armour
  3155 | D:4      | Found a staircase to the Ecumenical Temple.
  3180 | Temple   | Entered the Ecumenical Temple
  3204 | Temple   | Became a worshipper of Hepliaklqana the Forgotten
  3249 | D:4      | Noticed a centaur
  3258 | D:4      | Killed a centaur
  3259 | D:4      | Reached XP level 6. HP: 16/35 MP: 10/15
  3569 | D:4      | Reached skill level 5 in Spellcasting
  3582 | D:4      | Slain by a gnoll

Illustrated notes

Levels and vault maps discovered:
D:1:      doesnt_arrival_eight_statues, layout_rooms,
          nicolae_ecumenical_snake_handling
D:2:      layout_loops_cross, serial_shops, shop
D:3:      layout_loops_ring, serial_bayou_ford_a
D:4:      layout_gridville, minmay_temple_entry_ruins, uniq_duvessa
Temple:   regret_index_temple_chain_breaker

Skill      XL: |  1  2  3  4  5  6 |
---------------+-------------------+-----
Fighting       | 1 2 |  2.4
Spellcasting   | 4 5 |  5.1
Conjurations   | 5 |  5.7
Translocations | 1 2 |  2.0
Armour         | 1 |  1.4
Dodging        | 3 |  3.4
Stealth        | |  2.4

Action                   |  1- 3 |  4- 6 || total
-------------------------+-------+-------++-------
Melee: Unarmed           |     3 |       ||     3
 Cast: Magic Dart        |    54 |    83 ||   137
       Searing Ray       |     1 |     4 ||     5
       Iskenderun's Myst |       |     2 ||     2
  Use: Potion            |       |     1 ||     1
Armor: Robe              |     3 |       ||     3
Dodge: Dodged            |     4 |    10 ||    14

Table legend: (Time is in decaauts)
 A = Elapsed time spent in this place.
 B = Non-inter-level travel time spent in this place.
 C = Inter-level travel time spent in this place.
 D = Time resting spent in this place.
 E = Time spent auto-exploring this place.
 F = Levels seen in this place.
 G = Mean time per level.
                   A        B        C        D        E       F      G
               +--------+--------+--------+--------+--------+-----+--------+
         Total |   3590 |   3433 |    157 |    217 |   2817 |   5 |  718.0 |
       Dungeon |   3551 |   3410 |    141 |    217 |   2803 |   4 |  887.8 |
        Temple |     39 |     23 |     16 |      0 |     14 |   1 |   39.0 |
               +--------+--------+--------+--------+--------+-----+--------+

Top non-repeatable levels by time:
     D:3: 1190 daAuts
     D:2: 1122 daAuts
     D:1: 792 daAuts
     D:4: 445 daAuts
  Temple: 39 daAuts
